Map: Orbital Shipyard

Players

ReacH - Winner!

  • Race: Protoss Protoss
  • League: Diamond

IIIlllIIIlll

  • Race: Zerg Zerg
  • League: Diamond

VOD

Have the link to the VOD?

Description

Time

  • Played on: Jan. 30, 2016, 12:53 a.m.
  • Length: 13:05
Show
View Real Time Build Order
Export as new Build Order

ReacH Protoss - Winner!

Build Orders: Nexus First 

Get SALT Encoding   

  12  0:01  Probe (Chrono Boost)  
  13  0:12  Probe (Chrono Boost)  
  14  0:19  Pylon  
  14  0:22  Probe (Chrono Boost)  
  15  0:37  Probe (Chrono Boost)  
  16  0:47  Probe (Chrono Boost)  
  17  1:01  Nexus  
  17  1:06  Probe (Chrono Boost)  
  18  1:16  Probe (Chrono Boost)  
  19  1:21  Gateway  
  19  1:27  Probe (Chrono Boost)  
  19  1:28  Assimilator  
  20  1:34  Assimilator  
  20  1:37  Probe (Chrono Boost)  
  21  1:46  Gateway  
  21  1:48  Probe (Chrono Boost)  
  22  1:59  Probe (Chrono Boost)  
  23  2:11  Cybernetics Core  
  23  2:13  Probe (Chrono Boost)  
  24  2:17  Probe (Chrono Boost)  
  25  2:24  Probe (Chrono Boost)  
  25  2:27  Probe (Chrono Boost)  
  25  2:29  Zealot (Chrono Boost)  
  29  2:34  Probe (Chrono Boost)  
  30  2:37  Probe  
  30  2:43  Pylon  
  31  2:46  Probe  
  31  2:49  Adept (Chrono Boost)  
  34  2:53  Adept (Chrono Boost)  
  34  2:57  Warp Gate  
  36  2:59  Probe x2  
  38  3:08  Pylon  
  38  3:11  Mothership Core (Chrono Boost), Probe (Chrono Boost)  
  41  3:16  Sentry (Chrono Boost)  
  41  3:17  Sentry (Chrono Boost)  
  45  3:23  Probe (Chrono Boost)  
  46  3:29  Pylon  
  46  3:31  Probe (Chrono Boost)  
  47  3:37  Probe (Chrono Boost)  
  48  3:41  Probe (Chrono Boost)  
  49  3:50  Probe (Chrono Boost)  
  49  3:51  Stargate  
  49  3:54  Probe (Chrono Boost)  
  47  4:00  Probe (Chrono Boost)  
  47  4:01  Adept x2  
  52  4:08  Nexus  
  52  4:10  Pylon  
  52  4:11  Pylon  
  52  4:13  Pylon  
  52  4:18  Probe (Chrono Boost)  
  52  4:32  Adept x2  
  52  4:37  Oracle  
  59  4:43  Assimilator  
  59  4:45  Pylon, Assimilator  
  60  4:46  Probe x2 (Chrono Boost)  
  61  5:10  Probe x2 (Chrono Boost)  
  61  5:13  Phoenix  
  65  5:16  Pylon  
  65  5:21  Probe (Chrono Boost)  
  66  5:28  Probe (Chrono Boost)  
  67  5:35  Probe (Chrono Boost)  
  68  5:38  Phoenix  
  68  5:41  Probe (Chrono Boost)  
  71  5:46  Probe (Chrono Boost)  
  72  5:50  Pylon  
  72  5:51  Probe (Chrono Boost)  
  72  5:56  Probe (Chrono Boost)  
  74  5:58  Nexus  
  74  6:00  Pylon  
  74  6:01  Pylon  
  74  6:03  Pylon, Phoenix  
  74  6:04  Probe (Chrono Boost)  
  74  6:11  Adept x2  
  76  6:15  Robotics Facility  
  78  6:19  Twilight Council  
  78  6:20  Pylon  
  78  6:21  Gateway  
  78  6:23  Gateway, Forge  
  78  6:27  Gateway x2  
  78  6:29  Probe (Chrono Boost)  
  78  6:30  Probe (Chrono Boost)  
  78  6:31  Phoenix  
  82  6:37  Adept x2  
  82  6:39  Probe (Chrono Boost)  
  87  6:45  Probe (Chrono Boost), Gateway  
  87  6:46  Gateway  
  88  6:51  Assimilator  
  88  6:53  Probe (Chrono Boost)  
  89  6:54  Robotics Facility  
  89  6:56  Phoenix, Assimilator  
  89  7:01  Probe (Chrono Boost)  
  90  7:10  Immortal (Chrono Boost)  
  90  7:11  Charge  
  92  7:17  Probe (Chrono Boost)  
  92  7:19  Probe x2 (Chrono Boost)  
  95  7:27  Probe (Chrono Boost)  
  97  7:30  Templar Archives, Probe x2 (Chrono Boost)  
  98  7:37  Probe (Chrono Boost)  
  98  7:39  Probe (Chrono Boost)  
  98  7:40  Probe (Chrono Boost)  
  101  7:45  Immortal (Chrono Boost)  
  101  7:48  Probe  
  101  7:49  Immortal (Chrono Boost)  
  110  7:54  Probe  
  111  8:00  Phoenix  
  113  8:09  Pylon  
  113  8:13  High Templar x3  
  113  8:14  Zealot  
  113  8:15  Zealot x2  
  125  8:27  Archon  
  125  8:35  Gateway  
  125  8:37  Pylon  
  125  8:38  Gateway  
  125  8:39  Gateway  
  125  8:40  High Templar  
  125  8:41  Gateway, High Templar x2  
  129  8:43  Gateway  
  129  8:44  Archon  
  129  8:45  Nexus  
  131  8:48  Pylon  
  131  8:49  Pylon  
  131  8:52  Pylon  
  131  9:00  High Templar x2  
  131  9:01  Zealot  
  137  9:07  Protoss Ground Weapons Level 1  
  137  9:13  Photon Cannon  
  137  9:15  Photon Cannon  
  137  9:16  Archon  
  137  9:17  Photon Cannon  
  137  9:22  Archon  
  137  9:25  Immortal (Chrono Boost)  
  137  9:26  Zealot x6  
  137  9:27  Psionic Storm  
  137  9:28  Immortal (Chrono Boost)  
  157  9:43  Assimilator  
  157  9:48  Assimilator  
  157  9:51  High Templar  
  157  9:52  Zealot x6  
  169  9:53  Zealot  
  169  9:57  Warp Prism  
  173  10:03  Dark Shrine  
  173  10:05  Observer  
  176  10:26  High Templar x2  
  176  10:27  Zealot x3, High Templar  
  188  10:33  Immortal  
  188  10:39  Immortal  
  188  10:40  Pylon  
  178  10:55  Nexus  
  178  10:59  Zealot  
  178  11:00  Zealot x3, High Templar  
  178  11:01  High Templar  
  178  11:02  Zealot x2  
  178  11:03  Zealot  
  196  11:10  Observer  
  171  11:22  Immortal  
  173  11:26  Immortal  
  173  11:27  Archon x2  
  173  11:32  Zealot x3  
  165  11:33  Zealot x2  
  165  11:34  Zealot x4  
  175  11:54  Zealot x8  
  179  11:55  Zealot  
  193  12:05  Photon Cannon  
  193  12:06  Photon Cannon  
  185  12:17  Assimilator  
  185  12:19  Fleet Beacon, Assimilator  
  185  12:25  Dark Templar x2  
  185  12:28  High Templar x5  
  199  12:32  Archon x2  
  145  12:51  Zealot  
  145  12:52  Zealot  
Show
View Real Time Build Order
Export as new Build Order

IIIlllIIIlll Zerg 

Build Orders: Hatch First, Lurkers 

Get SALT Encoding   

  12  0:01  Drone  
  13  0:12  Overlord  
  13  0:17  Drone  
  14  0:30  Drone x2  
  16  0:40  Drone  
  17  0:52  Hatchery  
  17  0:56  Drone  
  17  0:59  Drone  
  17  1:02  Extractor  
  17  1:06  Drone  
  18  1:18  Spawning Pool  
  18  1:21  Drone  
  18  1:28  Drone  
  19  1:38  Overlord  
  19  2:06  Metabolic Boost  
  19  2:08  Queen x2  
  23  2:09  Zergling x4  
  23  2:10  Drone  
  26  2:17  Drone x2  
  26  2:22  Drone  
  29  2:26  Zergling x2  
  30  2:35  Zergling x2  
  31  2:37  Zergling x2  
  31  2:43  Zergling x2  
  33  2:47  Zergling x2  
  34  2:53  Hatchery, Zergling x2  
  34  3:03  Evolution Chamber, Drone  
  34  3:12  Overlord  
  34  3:13  Drone  
  35  3:22  Overlord  
  35  3:24  Drone  
  36  3:28  Overlord  
  36  3:30  Queen  
  36  3:33  Drone, Zergling x2  
  40  3:35  Overlord  
  40  3:37  Zergling x2  
  41  3:41  Zergling x2  
  41  3:42  Zergling x2  
  41  3:47  Drone  
  43  3:59  Drone x3  
  43  4:00  Drone x4  
  50  4:08  Queen  
  52  4:20  Zergling x10  
  52  4:21  Zergling x2  
  58  4:38  Overlord  
  57  4:52  Spore Crawler  
  56  4:53  Spore Crawler  
  51  5:00  Lair  
  51  5:02  Drone x6, Queen  
  51  5:05  Queen  
  51  5:06  Spore Crawler  
  59  5:23  Drone  
  59  5:24  Drone x8  
  66  5:34  Extractor  
  63  5:36  Overlord, Extractor  
  63  5:38  Queen  
  64  5:46  Zerg Missile Weapons Level 1, Drone, Extractor  
  64  5:47  Drone x3  
  66  5:50  Overlord  
  66  5:51  Overlord x2  
  66  6:07  Drone  
  66  6:08  Drone x7  
  74  6:13  Roach Warren  
  73  6:22  Pneumatized Carapace  
  73  6:25  Drone  
  74  6:26  Drone x8, Overlord  
  74  6:29  Overlord  
  82  6:39  Overlord  
  82  6:43  Evolution Chamber  
  81  6:59  Drone, Hydralisk Den, Extractor x2  
  81  7:00  Drone x5  
  81  7:01  Roach x8  
  100  7:22  Glial Reconstitution  
  100  7:24  Zerg Ground Armor Level 1  
  100  7:29  Muscular Augments  
  100  7:34  Drone x4  
  104  7:37  Queen  
  104  7:39  Hatchery  
  104  7:44  Spore Crawler  
  104  7:46  Overlord x3  
  104  7:47  Roach  
  104  7:59  Zerg Missile Weapons Level 2  
  104  8:00  Overlord x3  
  104  8:10  Hydralisk x9  
  122  8:14  Overseer  
  122  8:40  Lurker Den  
  122  8:41  Overlord  
  122  8:42  Overlord  
  122  8:43  Roach x5  
  122  8:44  Roach x5  
  142  8:58  Hatchery  
  141  9:05  Infestation Pit  
  141  9:08  Spore Crawler  
  139  9:12  Spore Crawler  
  139  9:13  Spore Crawler  
  139  9:14  Hydralisk x2  
  139  9:15  Hydralisk x3, Roach x4, Zergling x2  
  139  9:16  Roach, Zergling x2  
  159  9:21  Drone x4  
  163  9:49  Hive  
  163  9:51  Zerg Ground Armor Level 2  
  163  9:59  Drone x2  
  165  10:00  Spore Crawler  
  165  10:01  Spore Crawler  
  165  10:03  Overlord x4  
  163  10:09  Overseer  
  163  10:10  Overseer x3  
  163  10:15  Zerg Melee Weapons Level 1  
  163  10:16  Zergling x6  
  163  10:17  Zergling x16  
  163  10:18  Overlord x2  
  163  10:20  Overlord  
  165  10:49  Hydralisk x4  
  167  10:50  Roach x3, Zergling x2  
  167  10:51  Zergling x4  
  167  10:53  Extractor  
  167  10:54  Lurker  
  167  10:55  Lurker x5, Extractor  
  186  11:00  Queen  
  186  11:01  Overlord  
  136  11:37  Hydralisk x3  
  136  11:38  Hydralisk x4, Roach x6  
  136  11:39  Roach  
  164  11:44  Drone  
  164  11:45  Drone x5  
  169  12:06  Drone x5  
  169  12:07  Drone x10  
  133  12:46  Zergling x8  
  133  12:47  Zergling x4  
Tags
 
Add a new tag
Caveats
  • Supply blocks, unpowered buildings, or Contaminate may cause inaccurate times.
  • Supply counts are checked every 10 seconds.